 Dungeon Crawl Stone Soup version 0.30-a0-1157-g2cc9ac7196 (webtiles) character file.

Game seed: 18342926637374406746

103 qeuew the Chopper (level 4, -2/41 HPs)
             Began as a Hill Orc Monk on Apr 24, 2023.
             Was a Believer of Wu Jian.
             Slain by a lemure (8 damage)
             ... led by Pikel
             ... on level 4 of the Dungeon.
             The game lasted 00:04:36 (2973 turns).

qeuew the Chopper (Hill Orc Monk)                   Turns: 2973, Time: 00:04:37

Health: -2/41      AC:  5    Str: 15    XL:     4   Next: 79%
Magic:  4/4        EV: 12    Int: 10    God:    Wu Jian [**....]
Gold:   104        SH:  0    Dex: 13    Spells: 3/3 levels left

rFire   . . .        b - +0 war axe
rCold   . . .        d - orb {light}
rNeg    . . .        h - +0 leather armour
rPois   .            (no helmet)
rElec   .            (no cloak)
rCorr   .            a - +1 pair of gloves {Stlth+}
SInv    .            (no boots)
Will    .....        (no amulet)
Stlth   +            (no ring)
HPRegen 0.26/turn    (no ring)
MPRegen 0.09/turn

%: no passive effects
@: glowing
A: no striking features
a: Renounce Religion, Wall Jump


You were on level 4 of the Dungeon.
You worshipped Wu Jian.
Wu Jian was pleased with you.
You visited 1 branch of the dungeon, and saw 4 of its levels.

You collected 104 gold pieces.

Inventory:

Hand Weapons
 b - a +0 war axe (weapon)
Armour
 a - a +1 pair of gloves of stealth (worn)
 d - an orb of light (worn)
 h - a +0 leather armour (worn)
Scrolls
 e - 2 scrolls of enchant weapon
Potions
 c - a potion of ambrosia


   Skills:
 + Level 4.3 Fighting
 * Level 5.4 Axes
 + Level 1.8 Armour
 + Level 2.9 Dodging


You had 3 spell levels left.
You didn't know any spells.
Your spell library was empty.

Dungeon Overview and Level Annotations

Branches:
Dungeon (4/15)
 Temple: D:4-7

Altars:
Wu Jian

Annotations:
D:4 Pikel


Message History

The lemure shouts!
You hear a shout!
Pikel closely misses you.
The lemure shouts!
You hit Pikel.
Pikel is lightly wounded.
Pikel hits you with a +1 whip of flaming.
Pikel burns you.
You hit Pikel but do no damage.
Pikel is lightly wounded.
Pikel barely misses you.
Pikel hits you with a +1 whip of flaming.
Pikel burns you.
You hit Pikel but do no damage.
Pikel hits you with a +1 whip of flaming.
Pikel burns you.
You barely miss Pikel. You hit the lemure. The lemure hits you.
Pikel hits you with a +1 whip of flaming.
Pikel burns you.
You hit the lemure.
The lemure is moderately wounded.
You barely miss Pikel. The lemure hits you but does no damage.
Pikel hits you with a +1 whip of flaming!
* * * LOW HITPOINT WARNING * * *
Pikel burns you.
* * * LOW HITPOINT WARNING * * *
You hit Pikel.
Pikel is lightly wounded.
You hit the lemure. You barely miss the lemure. The lemure closely misses you.
Pikel hits you with a +1 whip of flaming.
* * * LOW HITPOINT WARNING * * *
Pikel burns you.
* * * LOW HITPOINT WARNING * * *
You barely miss Pikel.
Pikel is lightly wounded.
You closely miss the lemure. You barely miss the lemure.
You closely miss the lemure. You hit the lemure but do no damage.
The lemure hits you.
* * * LOW HITPOINT WARNING * * *
The lemure hits you!
You die...

.............# .!.##
...............#. ...#.#
.................
......##...?............
......?.............#
................<...#
............#.....###
......K55........##
......5@5..####...
...........[# ###.
(...........# ..
............### ..# ...#
#..............#..##
...##.......[........#
..#...#.#.#......#..#
.####....######....######
....#....######....#


You could see Pikel and 4 lemures.

Vanquished Creatures
  4 adders
  3 worms (D:2)
  An orc (D:3)
  5 endoplasms
  3 giant cockroaches
  8 goblins
  3 hobgoblins
  3 jackals (D:3)
  2 kobolds (D:3)
  A quokka (D:1)
  5 ball pythons
  6 bats
  5 frilled lizards
  8 rats
57 creatures vanquished.

Notes
Turn   | Place    | Note
-------+----------+-------------------------------------------
     0 | D:1      | qeuew the Hill Orc Monk began the quest for the Orb.
     0 | D:1      | Reached XP level 1. HP: 19/19 MP: 1/1
   264 | D:1      | Reached XP level 2. HP: 21/27 MP: 2/2
   444 | D:1      | Found a faded altar of an unknown god.
  1083 | D:2      | Reached skill level 1 in Armour
  1083 | D:2      | Reached XP level 3. HP: 31/33 MP: 3/3
  1462 | D:2      | Reached skill level 5 in Axes
  1683 | D:2      | Reached XP level 4. HP: 40/40 MP: 4/4
  2213 | D:3      | Found an ornate altar of the Wu Jian Council.
  2266 | D:3      | Noticed a spectral centipede
  2266 | D:3      | Noticed a spectral black mamba
  2266 | D:3      | Noticed a spectral cane toad
  2267 | D:3      | Became a worshipper of the Wu Jian Council
  2267 | D:3      | Reached * piety under Wu Jian
  2267 | D:3      | Reached ** piety under Wu Jian
  2902 | D:4      | Noticed Pikel
  2902 | D:4      | Noticed a lemure
  2902 | D:4      | Noticed a lemure
  2902 | D:4      | Noticed a lemure
  2902 | D:4      | Noticed a lemure
  2973 | D:4      | Slain by a lemure

Illustrated notes

Levels and vault maps discovered:
D:1:      dpeg_arrival_renting, layout_basic, ebering_ecumenical_altar_webs
D:2:      layout_loops_ring
D:3:      layout_loops_ring, pdpol_wu_jian_five_deadly_venoms, corexii_shack
D:4:      layout_cave_pools, minmay_temple_entry_mist, corexii_shack,
          roderic_batcave, uniq_pikel

Skill      XL: |  1  2  3 |
---------------+----------+-----
Armour         | 1 |  1.8
Fighting       | 4 |  4.3
Axes           | 5 |  5.4
Dodging        | |  2.9

Action                     |  1- 3 |  4- 6 || total
---------------------------+-------+-------++-------
  Melee: Hand axe          |   109 |    29 ||   138
         War axe           |       |    36 ||    36
Ability: Lunge             |       |     2 ||     2
    Use: Scroll            |     2 |     4 ||     6
         Potion            |       |     4 ||     4
 Armour: Robe              |    23 |     5 ||    28
         Leather armour    |       |    11 ||    11
  Dodge: Dodged            |    58 |    37 ||    95

Table legend: (Time is in decaauts)
 A = Elapsed time spent in this place.
 B = Non-inter-level travel time spent in this place.
 C = Inter-level travel time spent in this place.
 D = Time resting spent in this place.
 E = Time spent auto-exploring this place.
 F = Levels seen in this place.
 G = Mean time per level.
                   A        B        C        D        E       F      G
               +--------+--------+--------+--------+--------+-----+--------+
         Total |   2989 |   2870 |    119 |     31 |   2410 |   4 |  747.2 |
       Dungeon |   2989 |   2870 |    119 |     31 |   2410 |   4 |  747.2 |
               +--------+--------+--------+--------+--------+-----+--------+

Top non-repeatable levels by time:
     D:1: 1083 daAuts
     D:3: 998 daAuts
     D:2: 854 daAuts
     D:4: 52 daAuts
